 Dungeon Crawl Stone Soup version 0.28-a0-1429-gf3d713df7a (webtiles) character file.

Game seed: 1480192744989290367

4046 Hasart the Covert (level 10, -6/45 HPs)
             Began as a Kobold Enchanter on Jan 8, 2022.
             Was an Initiate of Hepliaklqana.
             Mangled by a killer bee (8 damage)
             ... on level 8 of the Dungeon.
             The game lasted 00:15:24 (9707 turns).

Hasart the Covert (Kobold Enchanter)                Turns: 9707, Time: 00:15:25

Health: -6/45      AC:  6    Str:  6    XL:     10   Next: 48%
Magic:  17/17      EV: 17    Int: 20    God:    Hepliaklqana [......]
Gold:   275        SH:  5    Dex: 16    Spells: 6/19 levels left

rFire   . . .      SeeInvis .   a - +1 dagger
rCold   . . .      Faith    .   (no shield)
rNeg    . . .      Spirit   .   p - +0 steam dragon scales
rPois   +          Reflect  +   u - +0 helmet
rElec   .          Harm     .   (no cloak)
rCorr   .          Rampage  .   (no gloves)
Will    .....                   (no boots)
Stlth   +++++.....              h - amulet of reflection
HPRegen 0.15/turn               e - ring of wizardry
MPRegen 0.15/turn               (no ring)

@: mighty, lethally poisoned (-6 -> -12), invisible, unable to read
A: small, no large weapons, nightstalker 3, frail 1, poison resistance,
inability to read while threatened
a: Renounce Religion


You were on level 8 of the Dungeon.
You worshipped Hepliaklqana.
Hepliaklqana was noncommittal.
You visited 2 branches of the dungeon, and saw 9 of its levels.

You collected 275 gold pieces.

Inventory:

Hand Weapons
 a - a +1 dagger (weapon)
 w - the +5 mace "Qiugy" {vorpal, Stlth+}
   (You took it off a kobold on level 4 of the Dungeon)

   It inflicts extra damage upon your enemies.
   Stlth:     It makes you more stealthy.
Missiles
 l - 4 curare-tipped darts (quivered)
Armour
 o - an orb of energy
 p - +0 steam dragon scales (worn)
 u - a +0 helmet (worn)
Jewellery
 e - a ring of wizardry (left hand)
 h - an amulet of reflection (around neck)
 v - an amulet of faith
Wands
 q - a wand of iceblast (11)
 s - a wand of flame (25)
Scrolls
 d - a scroll of fog
 g - 4 scrolls of identify
 i - a scroll of magic mapping
 n - 4 scrolls of blinking
 x - 4 scrolls of teleportation
Potions
 f - 3 potions of brilliance
 j - 2 potions of might
 k - 2 potions of attraction
 m - a potion of haste
 r - a potion of flight
 t - a potion of cancellation {unknown}
 z - a potion of mutation


   Skills:
 - Level 0.5 Fighting
 + Level 6.5 Short Blades
 + Level 4.8 Throwing
 + Level 6.2 Dodging
 + Level 8.4 Stealth
 - Level 0.1 Shields
 + Level 5.2 Spellcasting
 + Level 7.3 Hexes
 * Level 3.2 Necromancy
 + Level 4.4 Ice Magic
 * Level 3.2 Earth Magic


You had 6 spell levels left.
You knew the following spells:

 Your Spells              Type           Power      Damage    Failure   Level
a - Ensorcelled Hibernat  Hex/Ice        56%        N/A       1%          2
b - Tukima's Dance        Hex            34%        N/A       1%          3
c - Confusing Touch       Hex            34%        N/A       1%          3
d - Borgnjor's Vile Clut  Necr/Erth      9%         N/A       32%         5

Your spell library contained the following spells:

 Spells                   Type           Power      Damage    Failure   Level
 Dazzling Flash           Conj/Hex       38%        N/A       3%          3
 Summon Guardian Golem    Hex/Summ       19%        N/A       3%          3
 Spider Form              Tmut/Pois      5%         N/A       14%         3
 Alistair's Intoxication  Tmut/Pois      3%         N/A       75%         5
 Iskenderun's Battlesphe  Conj           5%         2d6       75%         5
 Iron Shot                Conj/Erth      5%         9d2       96%         6
 Eringya's Noxious Bog    Tmut/Pois      2%         N/A       99%         6
 Orb of Destruction       Conj           2%         9d1       100%        7
 Spellforged Servitor     Conj/Summ      2%         N/A       100%        7


Dungeon Overview and Level Annotations

Branches:
Dungeon (8/15)             Temple (1/1) D:7
   Lair: D:8-11

Altars:
Ashenzari
Cheibriados
Dithmenos
Elyvilon
Gozag
Hepliaklqana
Makhleb
Nemelex Xobeh
Okawaru
Qazlal
Uskayaw
Vehumet
Wu Jian
Yredelemnul
Zin
The Shining One

Shops:
D:4 (   D:6 *


Innate Abilities, Weirdness & Mutations

You are small and have problems with some larger weapons.
You are completely attuned to the shadows.
You are frail. (-10% HP)
Your system is resistant to poisons. (rPois)
You sometimes lose the ability to read scrolls when taking damage.


Message History

The killer bee looks drowsy...
You feel sick.
The helpless killer bee fails to defend itself.
You perforate the killer bee like a sieve!!!
You kill the killer bee!
You feel sick.
Unknown command.
You feel sick.
The killer bee stings you but does no damage.
Casting: Ensorcelled Hibernation (safe; 1% risk of failure)
Confirm with . or Enter, or press ? or * to list all spells.
Aiming: Ensorcelled Hibernation (safe; 1% risk of failure)
Press: ? - help, Shift-Dir - straight line, f - killer bee
Aim: a killer bee (chance to affect: 67%)
The killer bee struggles to resist.
You feel sick. The killer bee completely misses you.
The killer bee stings you but does no damage.
You hit the killer bee but do no damage.
You feel sick. The killer bee stings you.
You are more poisoned.
The killer bee poisons you! The killer bee misses you.
You fade into invisibility!
You feel very sick. The killer bee closely misses you.
The killer bee stings you!
* * * LOW HITPOINT WARNING * * *
It was a potion of might.
You feel very mighty all of a sudden.
* * * LOW HITPOINT WARNING * * *
You feel very sick. The killer bee misses you.
The killer bee completely misses you.
It was a potion of mutation.
You feel extremely strange.
You lose the ability to read scrolls when threatened.
You feel resistant to poisons.
You feel frail.
* * * LOW HITPOINT WARNING * * *
You feel sick. The killer bee closely misses you.
You block the killer bee's attack.
It was a potion of magic.
Magic courses through your body.
* * * LOW HITPOINT WARNING * * *
You feel sick. The killer bee closely misses you. The killer bee stings you!
You feel threatened and lose the ability to read scrolls!
You die...

#.#######
.##.......>
...........
...........
.........#
......y..#
...y##y###
.... #y# >...
#@# #.# .# #.#
..###.####
#.#......
#...#########
#....)))....#
..##.#######.#
. #.# #.#


You could see 3 killer bees.

Vanquished Creatures
  Pikel (D:6)
  Joseph (D:7)
  Maggie (D:7)
  A steam dragon (D:7)
  3 water moccasins
  3 ice beasts (D:7)
  A sky beast (D:7)
  A necrophage (D:5)
  3 ogres
  2 centaurs (D:7)
  A phantom (D:5)
  A wyvern zombie (D:6)
  A bullfrog (D:7)
  A water moccasin zombie (D:5)
  5 scorpions
  6 killer bees (D:8)
  2 howler monkeys (D:5)
  2 centaur zombies
  A bullfrog zombie (D:5)
  3 orc priests
  3 jellies
  A hound (D:7)
  A centaur skeleton (D:5)
  A gnoll shaman (D:4)
  4 iguanas
  3 orc wizards
  A killer bee zombie (D:6)
  A hound zombie (D:5)
  5 gnolls (D:4)
  4 adders
  A white imp (D:7)
  An ufetubus (D:4)
  A worm (D:4)
  2 dart slugs
  15 orcs
  9 endoplasms
  3 giant cockroaches
  12 goblins
  8 hobgoblins
  11 jackals
  8 kobolds
  4 quokkas
  9 ball pythons
  7 bats
  4 frilled lizards
  9 rats
168 creatures vanquished.

Notes
Turn   | Place    | Note
-------+----------+-------------------------------------------
     0 | D:1      | Hasart the Kobold Enchanter began the quest for the Orb.
     0 | D:1      | Reached XP level 1. HP: 10/10 MP: 3/3
    43 | D:1      | Found a faded altar of an unknown god.
   109 | D:1      | Reached XP level 2. HP: 10/15 MP: 5/5
   112 | D:1      | Learned a level 2 spell: Ensorcelled Hibernation
   470 | D:1      | Reached XP level 3. HP: 5/19 MP: 3/6
   980 | D:1      | Reached skill level 5 in Stealth
  1595 | D:2      | Reached XP level 4. HP: 21/24 MP: 1/7
  2927 | D:3      | Reached XP level 5. HP: 28/28 MP: 8/8
  3882 | D:4      | Reached skill level 1 in Ice Magic
  3987 | D:4      | Reached XP level 6. HP: 33/33 MP: 7/10
  3989 | D:4      | Reached skill level 1 in Throwing
  4049 | D:5      | Entered Level 5 of the Dungeon
  4063 | D:5      | Learned a level 3 spell: Tukima's Dance
  5092 | D:4      | Reached XP level 7. HP: 25/37 MP: 4/11
  5326 | D:4      | Found Yteatzog's Weapon Shop.
  5543 | D:4      | Learned a level 3 spell: Confusing Touch
  5618 | D:4      | Reached skill level 6 in Stealth
  5662 | D:4      | Reached skill level 5 in Hexes
  5774 | D:4      | Identified the +5 mace "Qiugy" {vorpal, Stlth+}
  5867 | D:5      | Reached XP level 8. HP: 42/42 MP: 13/13
  5872 | D:5      | Found a white marble altar of Elyvilon.
  6144 | D:5      | Found a burning altar of Makhleb.
  6894 | D:6      | Noticed Pikel
  6906 | D:6      | Killed Pikel
  6907 | D:6      | Reached skill level 5 in Short Blades
  6907 | D:6      | Reached skill level 5 in Dodging
  6907 | D:6      | Reached skill level 7 in Stealth
  6907 | D:6      | Reached XP level 9. HP: 14/46 MP: 9/15
  7504 | D:6      | Learned a level 5 spell: Borgnjor's Vile Clutch
  7948 | D:6      | Found Weit's CLEARANCE SALE!.
  8413 | D:7      | Reached skill level 1 in Necromancy
  8413 | D:7      | Reached skill level 1 in Earth Magic
  8604 | D:7      | Noticed Maggie
  8610 | D:7      | Killed Maggie
  8611 | D:7      | Reached skill level 8 in Stealth
  8611 | D:7      | Reached XP level 10. HP: 51/51 MP: 14/17
  8827 | D:7      | Noticed Joseph
  8832 | D:7      | Killed Joseph
  8833 | D:7      | Reached skill level 5 in Spellcasting
  9338 | D:7      | Found a staircase to the Ecumenical Temple.
  9347 | Temple   | Entered the Ecumenical Temple
  9456 | Temple   | Became a worshipper of Hepliaklqana the Forgotten
  9706 | D:8      | Gained mutation: You sometimes lose the ability to read
                  | scrolls when taking damage. [potion of mutation]
  9706 | D:8      | Gained mutation: Your system is resistant to poisons.
                  | (rPois) [potion of mutation]
  9706 | D:8      | Gained mutation: You are frail. (-10% HP) [potion of
                  | mutation]
  9707 | D:8      | HP: 2/45 [poisoned by a killer bee]
  9707 | D:8      | Mangled by a killer bee

Illustrated notes

Levels and vault maps discovered:
D:1:      scummos_arrival_star, layout_basic, shapermc_ecumenical_altar_venn,
          st_stairs_10
D:2:      layout_basic
D:3:      layout_basic, minmay_misc_feat_encased
D:4:      minmay_chambers_of_threes, layout_basic, serial_shops,
          nicolae_shop_bloodbath_and_beyond, minmay_tree_intersection,
          minmay_misc_feat_iff, serial_bayou_ford_a, kennysheep_cross_room
D:5:      cheibrodos_helix_gallery, layout_rooms, general_overflow_altar,
          mainiacjoe_overflow_small_starburst
D:6:      layout_basic, nicolae_shop_clearance, uniq_pikel
D:7:      layout_loops_ring, temple_statues, uniq_joseph, uniq_maggie
D:8:      layout_loops_ring, tgw_trog, nicolae_kikubaaqudgha_miasma_corner
Temple:   hc_temple_tempest_star

Skill      XL: |  1  2  3  4  5  6  7  8  9 10 |
---------------+-------------------------------+-----
Stealth        | 5 6 7 8 |  8.4
Short Blades   | 2 3 4 5 6 |  6.5
Hexes          | 4 5 6 7 |  7.3
Dodging        | 3 4 5 6 |  6.2
Ice Magic      | 1 2 3 4 |  4.4
Throwing       | 1 2 3 4 |  4.8
Spellcasting   | 3 4 5 |  5.2
Necromancy     | 1 3 |  3.2
Earth Magic    | 1 3 |  3.2
Fighting       | |  0.5
Shields        | |  0.1

Action                   |  1- 3 |  4- 6 |  7- 9 | 10-12 || total
-------------------------+-------+-------+-------+-------++-------
Melee: Dagger            |   157 |    92 |   226 |    43 ||   518
       Punch             |     3 |       |    13 |     3 ||    19
 Cast: Ensorcelled Hiber |    17 |    29 |    31 |    20 ||    97
       Confusing Touch   |       |       |     5 |     1 ||     6
Evoke: Wand              |       |       |     2 |       ||     2
  Use: Scroll            |       |       |    12 |       ||    12
       Potion            |       |       |       |     4 ||     4
 Stab: Sleeping          |    21 |    35 |    40 |    21 ||   117
       Distracted        |       |     1 |       |       ||     1
       Confused          |       |       |     8 |     2 ||    10
Armor: Robe              |    30 |     3 |    17 |       ||    50
       Steam dragon scal |       |       |       |     7 ||     7
Dodge: Dodged            |   125 |    46 |   143 |    29 ||   343
Block: Other             |    30 |    22 |    49 |    11 ||   112
       Reflection        |     1 |     1 |     1 |       ||     3

Table legend: (Time is in decaauts)
 A = Elapsed time spent in this place.
 B = Non-inter-level travel time spent in this place.
 C = Inter-level travel time spent in this place.
 D = Time resting spent in this place.
 E = Time spent auto-exploring this place.
 F = Levels seen in this place.
 G = Mean time per level.
                   A        B        C        D        E       F      G
               +--------+--------+--------+--------+--------+-----+--------+
         Total |   9624 |   9329 |    295 |    908 |   6949 |   9 | 1069.3 |
       Dungeon |   9505 |   9219 |    286 |    908 |   6865 |   8 | 1188.1 |
        Temple |    118 |    109 |      9 |      0 |     84 |   1 |  118.0 |
               +--------+--------+--------+--------+--------+-----+--------+

Top non-repeatable levels by time:
     D:4: 1898 daAuts
     D:3: 1543 daAuts
     D:5: 1501 daAuts
     D:1: 1241 daAuts
     D:6: 1103 daAuts
     D:2: 1038 daAuts
     D:7: 966 daAuts
     D:8: 211 daAuts
  Temple: 118 daAuts
